 Dungeon Crawl Stone Soup version 0.28-a0-1613-gdaab1c2f9b (console) character file.

Game seed: 2648487771688820738

63 Melian the Chopper (level 3, 0/34 HPs)
             Began as a Minotaur Berserker on Jan 21, 2022.
             Was a Follower of Trog.
             Slain by a gnoll (5 damage)
             ... on level 2 of the Dungeon.
             The game lasted 00:04:12 (702 turns).

Melian the Chopper (Minotaur Berserker)              Turns: 702, Time: 00:04:13

Health: 0/34       AC:  5    Str: 23    XL:     3   Next: 89%
Magic:  2/2        EV: 11    Int:  4    God:    Trog [*.....]
Gold:   20         SH:  0    Dex:  9    Spells: 2/2 levels left

rFire   . . .      SeeInvis .   f - +0 war axe
rCold   . . .      Faith    .   (no shield)
rNeg    . . .      Spirit   .   d - +0 ring mail
rPois   .          Reflect  .   (helmet restricted)
rElec   .          Harm     .   (no cloak)
rCorr   .          Rampage  .   (no gloves)
Will    .....                   (no boots)
Stlth   ..........              (no amulet)
HPRegen 0.11/turn               k - ring of flight
MPRegen 0.08/turn               (no ring)

@: on berserk cooldown, flying, slowed, very slow
A: horns 2, retaliatory headbutt
a: Renounce Religion, Berserk


You were on level 2 of the Dungeon.
You worshipped Trog.
Trog was aware of your devotion.
You visited 1 branch of the dungeon, and saw 2 of its levels.

You collected 20 gold pieces.

Inventory:

Hand Weapons
 a - a +0 hand axe
 f - a +0 war axe (weapon)
Missiles
 c - 55 bolts
 i - 6 stones (quivered)
Armour
 b - a +0 animal skin
 d - a +0 ring mail (worn)
Jewellery
 k - a ring of flight (left hand)
Scrolls
 g - a scroll of amnesia {unknown}
 h - 2 scrolls of identify {unknown}
 l - a scroll of teleportation {unknown}
Potions
 e - a potion of haste {unknown}
 j - a potion of might {unknown}


   Skills:
 + Level 4.7 Fighting
 + Level 4.8 Axes
 - Level 2.5 Armour
 - Level 2.3 Dodging


You had 2 spell levels left.
You didn't know any spells.
Your spell library was empty.

Dungeon Overview and Level Annotations

Branches:
Dungeon (2/15)

Altars:


Innate Abilities, Weirdness & Mutations

You have a pair of horns on your head.
You reflexively headbutt those who attack you in melee.


Message History

* * * LOW HITPOINT WARNING * * *
x2 You feel a strong urge to attack something.
Okay, then.
You are too berserk!
You feel your anger nearly subside.
The goblin unwields a +0 club.
The goblin wields a +0 hunting sling.
The goblin shoots a stone.
The stone hits you.
* * * LOW HITPOINT WARNING * * *
Your blood rage is quickly leaving you.
You are no longer berserk.
You are exhausted.
You feel yourself slow down.
Your skin crawls.
You feel strong-willed.
You can no longer call upon Trog for regeneration and willpower.
The goblin shoots a stone.
The stone hits you but does no damage.
The goblin shoots a stone.
The stone hits you.
* * * LOW HITPOINT WARNING * * *
The goblin shoots a stone.
The stone barely misses you.
The goblin shoots a stone.
The stone closely misses you.
The goblin shoots a stone.
The stone misses you.
The goblin shoots a stone.
The stone hits you.
* * * LOW HITPOINT WARNING * * *
You feel the effects of Trog's Hand fading.
The goblin shoots a stone.
The stone hits you.
* * * LOW HITPOINT WARNING * * *
The goblin shoots a stone.
The stone hits you.
* * * LOW HITPOINT WARNING * * *
You reach down and open the door.
The gnoll closely misses you.
Your skin stops crawling.
You feel less strong-willed.
There is an open door here.
The gnoll hits you from afar with a +1 vorpal spear.
* * * LOW HITPOINT WARNING * * *
x2 You reach down and close the door.
A gnoll opens the door.
The gnoll hits you with a +1 vorpal spear.
* * * LOW HITPOINT WARNING * * *
x2 The gnoll closely misses you.
The goblin unwields a +0 hunting sling.
The goblin wields a +0 club.
The goblin closely misses you.
There is an open door here.
You barely miss the gnoll. You headbutt the gnoll!
The gnoll is heavily wounded.
You miss the goblin. The gnoll barely misses you. The goblin misses you.
You furiously retaliate!
You headbutt the goblin, but do no damage.
The gnoll hits you with a +1 vorpal spear.
You die...

##### #.... #....
############## #....
.............###....
######g.........##....
+....@g...............
######..........######
##########.......
##...... #......
.....g)).....
......##..... ......
..##. ..... ... .
..... ..... #### ....#


You could see a gnoll and a goblin.

Vanquished Creatures
  3 gnolls (D:2)
  An adder (D:2)
  3 endoplasms (D:1)
  A giant cockroach (D:1)
  A goblin (D:1)
  3 hobgoblins
  2 quokkas
  4 bats
  A frilled lizard (D:1)
  3 kobolds
  6 rats
28 creatures vanquished.

Notes
Turn   | Place    | Note
-------+----------+-------------------------------------------
     0 | D:1      | Melian the Minotaur Berserker began the quest for the Orb.
     0 | D:1      | Reached XP level 1. HP: 19/19 MP: 0/0
    47 | D:1      | Found a faded altar of an unknown god.
   159 | D:1      | Reached XP level 2. HP: 27/27 MP: 1/1
   522 | D:2      | Reached ** piety under Trog
   523 | D:2      | Reached XP level 3. HP: 32/34 MP: 2/2
   686 | D:2      | HP: 2/51 [goblin/stone (2)]
   702 | D:2      | Slain by a gnoll

Illustrated notes

Levels and vault maps discovered:
D:1:      evilmike_arrival_plus, layout_rooms, basic_ecumenical_altar
D:2:      layout_basic, serial_shops, nicolae_shop_advertising_works
          [nicolae_subvault_shop_adworks], minmay_split_cup_small

Skill      XL: |  1  2 |
---------------+-------+-----
Axes           | 4 |  4.8
Fighting       | 4 |  4.7
Armour         | |  2.5
Dodging        | |  2.3

Action                   || total
-------------------------++-------
Melee: Hand axe          ||    14
       Headbutt          ||     8
       War axe           ||    34
Invok: Berserk           ||     1
       Trog's Hand       ||     1
Armor: Animal skin       ||     3
       Ring mail         ||    11
Dodge: Dodged            ||    44

Table legend: (Time is in decaauts)
 A = Elapsed time spent in this place.
 B = Non-inter-level travel time spent in this place.
 C = Inter-level travel time spent in this place.
 D = Time resting spent in this place.
 E = Time spent auto-exploring this place.
 F = Levels seen in this place.
 G = Mean time per level.
                   A        B        C        D        E       F      G
               +--------+--------+--------+--------+--------+-----+--------+
         Total |    714 |    698 |     16 |      0 |    444 |   2 |  357.0 |
       Dungeon |    714 |    698 |     16 |      0 |    444 |   2 |  357.0 |
               +--------+--------+--------+--------+--------+-----+--------+

Top non-repeatable levels by time:
     D:1: 424 daAuts
     D:2: 290 daAuts
